[Event "*** Titled Tuesday 3|2 Blitz"]
[Site "Chess.com"]
[Date "2016.07.05"]
[Round "7"]
[White "popov_m"]
[Black "Journey_to_GrandMaster_YT"]
[Result "0-1"]
[WhiteElo "2200"]
[BlackElo "2429"]
[TimeControl "180+2"]
[EndTime "12:33:31 PDT"]
[Termination "Journey_to_GrandMaster_YT won by resignation"]

1. c4 d6 2. g3 e5 3. Bg2 Nf6 4.
Nc3 Be7 5. e4 O-O 6. Nge2 c6 7.
O-O a5 8. d3 Na6 9. h3 Nc5 10.
Be3 Bd7 11. b3 b5 12. Qd2 b4 13. Nd1 a4 14. Bxc5 dxc5 15. Rb1 axb3 16. axb3 Ra3 17. f4 Bd6 18. Ne3 Qc7 19. f5 Rfa8 20. Rb2 Ra1 21. g4 Ne8 22. g5 Be7 23. Ng4 f6 24. h4 fxg5 25. hxg5 Qd8 26. Qe3 Bxg5 27. Qxc5 R8a5 28. Qf2 h5 29. Ne3 Rxf1+ 30. Nxf1 Ra1 31. Kh2 Nf6 32.
Bh3 Be8 33. Qf3 h4 34. d4 Bh5 35. Qg2 Nd7 36. d5 cxd5 37. exd5 Re1 38. f6 Qxf6 39. Ng1 Bf4+ 40. Kh1 Nc5 41. Ra2 Bg6 42. Ra8+ Kh7 43. Nf3 Be4 44. Nxe1 Bxg2+ 45. Nxg2 Nxb3 46. d6 Qxd6 47. Bf5+ Kh6 48. Rh8+ Kg5 49. Be4 Nd2 50. Bd5 Nxf1 51.
Nxh4 Ng3+ 52. Kg2 Nh5 53. Nf3+ Kg4 54. Bf7 Bh6 55. Nh2+ Kg5 56. Nf3+ Kg4 57. Nh2+ Kf4 58. Bxh5 Qd2+ 59. Kh3 Qe3+ 60. Bf3 b3 61. Rf8+ Kg5 62. Rb8 e4 63. Re8 b2 64. Rxe4 Qg1 65. Bg2 b1=Q 66. Nf3+ Kf6 67. Nxg1 Qxg1 68. Rg4 Qe3+ 69. Rg3 Qe6+ 70.
Rg4 Be3 71. Bd5 Qe5 72. Re4 Qh5+ 73. Kg3 g5 74. Rxe3 Qh4+ 75. Kf3 Qf4+ 76. Ke2 Qh2+ 77. Kd3 g4 78. c5 Qb2 79. c6 Qb5+ 80. Kd4 Qb4+ 81.
Kd3 Qb5+ 82. Kd4 Qb6+ 83. Ke4 Qb4+ 84. Kd3 Qc5 85. Re6+ Kg5 86. Bc4 g3 87. Re2 Qxc6 88.
Re5+ Kf4 89. Re6 Qxe6 0-1

[Event "*** Titled Tuesday 3|2 Blitz"]
[Site "Chess.com"]
[Date "2016.07.05"]
[Round "7"]
[White "Andrejkin"]
[Black "mortalbovine"]
[Result "0-1"]
[WhiteElo "2142"]
[BlackElo "1776"]
[TimeControl "180+2"]
[EndTime "12:34:40 PDT"]
[Termination "mortalbovine won by resignation"]

1. e4 d5 2. exd5 Qxd5 3. Nc3 Qa5 4. d4 c6 5. Nf3 Bg4 6. Be2 e6 7. h3 Bxf3 8. Bxf3 Bb4 9. Bd2 Qd8 10. a3 Ba5 11. b4 Bb6 12. Be3 Nf6 13. Ne4 Nxe4 14.
Bxe4 Nd7 15. c4 Nf6 16. Bf3 O-O 17. c5 Bc7 18. O-O h6 19. b5 Nd5 20. Bxd5 exd5 21. bxc6 bxc6 22. Qa4 Qf6 23. Rab1 Bf4 24. Bxf4 Qxf4 25.
Qxc6 Qxd4 26. Rfd1 Rac8 27. Qxc8 Qxd1+ 28. Rxd1 Rxc8 29.
Rxd5 Kf8 30. Rd7 a6 31. Ra7 Rxc5 32. Rxa6 Rc1+ 33. Kh2 Ke7 34. Ra8 Kd7 35. Ra7+ Ke6 36. a4 Ra1 37. a5 Ra3 38. a6 g6 39. Ra8 Kd7 40. a7 Ke7 41. f3 Kf6 42. h4 Ra4 43. Kg3 h5 44. Kf2 Ra2+ 45. Ke3 Ra3+ 46. Kd4 Ra4+ 47. Kc5 Ra1 48. Kb6 Rb1+ 49. Ka5 Ra1+ 50. Kb4 Rb1+ 51. Ka3 Ra1+ 52. Kb3 Ra6 53. Kb4 Ra1 54.
Kb3 Ra6 55. Kc4 Ra1 56. g4 hxg4 57. fxg4 Ra4+ 58. Kc5 Ra1 59. h5 Kg7 60. Kb6 Rb1+ 61. Ka5 Ra1+ 62. Kb4 Rb1+ 63. Kc3 Ra1 64. h6+ Kh7 65. g5 Ra6 66. Kd4 Ra1 67. Ke5 Re1+ 68.
Kf6 Rf1+ 69. Ke7 Ra1 70. Kxf7 Rf1+ 71. Ke6 Re1+ 72. Kd5 Rd1+ 73. Ke4 Ra1 74. Kd3 Ra5 75. Kc4 Ra1 76. Kb5 Rb1+ 77. Ka6 Ra1+ 78. Kb7 Rb1+ 79.
Ka6 Ra1+ 80. Kb5 Rb1+ 81. Kc4 Ra1 82. Kb3 Ra6 83. Kc4 Ra1 84. Kd5 Rd1+ 85. Ke4 Ra1 86.
Kf4 Rf1+ 87. Kg3 Ra1 88. Kf2 Ra2+ 89. Kg3 Ra3+ 90. Kf4 Ra4+ 91. Ke5 Ra1 92. Kd6 Rd1+ 93.
Kc5 Rc1+ 94. Kd4 Ra1 95. Rb8 Rxa7 96. Ke5 Ra5+ 97. Kf4 Ra4+ 98. Ke5 Ra5+ 99. Kd6 Rxg5 100. Rb1 Kxh6 101. Ke6 Rf5 102. Rh1+ Rh5 103. Rxh5+ Kxh5 104. Ke5 Kh4 105. Kf4 g5+ 106. Kf3 Kh3 107. Kf2 g4 108. Kg1 Kg3 109. Kf1 Kh2 0-1

[Event "*** Titled Tuesday 3|2 Blitz"]
[Site "Chess.com"]
[Date "2016.07.05"]
[Round "8"]
[White "FCChelsea14"]
[Black "BellJackson95"]
[Result "1-0"]
[WhiteElo "2408"]
[BlackElo "2165"]
[TimeControl "180+2"]
[EndTime "12:38:43 PDT"]
[Termination "FCChelsea14 won by resignation"]

1. e4 e5 2. Nf3 Nc6 3. Nc3 Nf6 4. d4 exd4 5. Nxd4 Bb4 6. Nxc6 bxc6 7. Bd3 d5 8. exd5 cxd5 9. O-O O-O 10. Bg5 c6 11. Qf3 Bd6 12. Rae1 Rb8 13. b3 Bb4 14.
Bd2 Bg4 15. Qg3 Qa5 16. a3 Bxa3 17. Ra1 Qc5 18. Na4 Qd6 19. Bf4 Nh5 20. Bxd6 Nxg3 21. Bxg3 1-0

[Event "*** Titled Tuesday 3|2 Blitz"]
[Site "Chess.com"]
[Date "2016.07.05"]
[Round "8"]
[White "Gabrielian_Artur"]
[Black "bilelou"]
[Result "1-0"]
[WhiteElo "2516"]
[BlackElo "2278"]
[TimeControl "180+2"]
[EndTime "12:39:27 PDT"]
[Termination "Gabrielian_Artur won by resignation"]

1. e4 c5 2. Nf3 d6 3. d4 cxd4 4. Nxd4 Nf6 5. Nc3 a6 6. Bg5 Nbd7 7. Qe2 h6 8. Bh4 g6 9. f4 e5 10. O-O-O Qc7 11. fxe5 dxe5 12. Nd5 Nxd5 13. exd5 Bd6 14. g4 O-O 15. Nf5 gxf5 16. gxf5 e4 17. Rg1+ Kh8 18. Qg2 Be5 19. f6 Bxf6 20. Bxf6+ 1-0

[Event "*** Titled Tuesday 3|2 Blitz"]
[Site "Chess.com"]
[Date "2016.07.05"]
[Round "8"]
[White "Aragon"]
[Black "alturas_pacificas"]
[Result "1-0"]
[WhiteElo "2112"]
[BlackElo "2141"]
[TimeControl "180+2"]
[EndTime "12:39:36 PDT"]
[Termination "Aragon won by resignation"]

1. e4 g6 2. d4 Bg7 3. Bc4 e6 4. Nc3 Nf6 5. e5 Ng8 6. Nf3 d6 7. Qe2 dxe5 8. dxe5 Nc6 9. Bg5 Nge7 10. Rd1 Bd7 11. Qe3 Qc8 12. Qf4 O-O 13. Bf6 Rd8 14. Ne4 Be8 15. O-O a6 16. h4 b5 17. Bb3 Qb7 18. h5 Rxd1 19. Rxd1 Nf5 20. g4 Na5 21. gxf5 Nxb3 22. Bxg7 Kxg7 23. f6+ 1-0

[Event "*** Titled Tuesday 3|2 Blitz"]
[Site "Chess.com"]
[Date "2016.07.05"]
[Round "8"]
[White "Alexander_Donchenko"]
[Black "FairChess_on_YouTube"]
[Result "0-1"]
[WhiteElo "2596"]
[BlackElo "2731"]
[TimeControl "180+2"]
[EndTime "12:40:02 PDT"]
[Termination "FairChess_on_YouTube won by resignation"]

1. d4 d5 2. c4 c6 3. Nf3 Nf6 4. Qc2 dxc4 5. Qxc4 Bf5 6. g3 e6 7.
Bg2 Be7 8. O-O O-O 9. e3 h6 10. Rd1 Nbd7 11. Nc3 Ne4 12. Nd2 Nb6 13. Qe2 Nxc3 14. bxc3 Na4 15. Qc4 Bc2 16. Re1 Qa5 17. Nb1 b5 18. Qxc6 Rac8 19. Qf3 Nxc3 20. Bd2 b4 21.
Nxc3 bxc3 22. Bc1 Bb1 23. Qe2 c2 24. Bd2 Bb4 25. Bxb4 Qxb4 26. Be4 Qb2 27. Raxb1 cxb1=Q 0-1

[Event "*** Titled Tuesday 3|2 Blitz"]
[Site "Chess.com"]
[Date "2016.07.05"]
[Round "8"]
[White "Quiet_Desperation"]
[Black "StoreySniper"]
[Result "0-1"]
[WhiteElo "2176"]
[BlackElo "2343"]
[TimeControl "180+2"]
[EndTime "12:40:33 PDT"]
[Termination "StoreySniper won by resignation"]

1. e4 g6 2. d4 Bg7 3. Nc3 c5 4. Nf3 cxd4 5. Nxd4 d6 6. Be3 Nc6 7. f3 Nf6 8. Bc4 Bd7 9. Qd2 h5 10. O-O-O Rc8 11. Bb3 h4 12. Kb1 Rh5 13. g4 Rc5 14.
Ndb5 Ne5 15. Bxc5 Rxc5 16. Nd4 a5 17. a4 Qb6 18. h3 Nc4 19. Bxc4 Rxc4 20. Nb3 Bxa4 21.
Qd3 Bxb3 22. cxb3 Qxb3 23. Nd5 Qxd3+ 24. Rxd3 Nxd5 25. Rxd5 Rb4 26. Rxa5 Rxb2+ 27. Kc1 Rf2 28. Ra8+ Kd7 29. Rg8 Bb2+ 30. Kb1 Be5 31. Rf8 Rxf3 32.
Rb8 Rb3+ 33. Kc2 Rb2+ 34. Kd3 Ke6 35. Rc1 Rb3+ 36. Ke2 Rxh3 37. Rxb7 Rg3 38. Rcc7 Bf6 39. e5 Kxe5 40. g5 Bxg5 41. Rc5+ dxc5 42. Rb4 cxb4 0-1

[Event "*** Titled Tuesday 3|2 Blitz"]
[Site "Chess.com"]
[Date "2016.07.05"]
[Round "8"]
[White "twofoxniel"]
[Black "eltenedor"]
[Result "1-0"]
[WhiteElo "2491"]
[BlackElo "2026"]
[TimeControl "180+2"]
[EndTime "12:40:34 PDT"]
[Termination "twofoxniel won by resignation"]

1. e4 d5 2. exd5 Nf6 3. Nc3 Nxd5 4. Bc4 Nb6 5. Bb3 c5 6. d3 Bf5 7. Nf3 e6 8. O-O Be7 9. Re1 O-O 10. Ne5 N8d7 11.
Qf3 Nxe5 12. Rxe5 Qc7 13. Re1 Bd6 14. h3 c4 15. dxc4 Nxc4 16. Ne4 Be7 17. Ng3 Bg6 18. Bf4 Qc8 19. Rab1 b5 20. a4 a6 21. Ne4 Rd8 22.
Nc3 bxa4 23. Nxa4 Nd2 24. Bxd2 Rxd2 25. Nb6 1-0

[Event "*** Titled Tuesday 3|2 Blitz"]
[Site "Chess.com"]
[Date "2016.07.05"]
[Round "8"]
[White "fireheart92"]
[Black "rithwik2002"]
[Result "1-0"]
[WhiteElo "2059"]
[BlackElo "1926"]
[TimeControl "180+2"]
[EndTime "12:40:51 PDT"]
[Termination "fireheart92 won by resignation"]

1. d4 Nf6 2. Nf3 g6 3. Bg5 Bg7 4. Nbd2 d5 5. e3 O-O 6. c3 Nbd7 7. Be2 c6 8. O-O Re8 9. c4 h6 10. Bh4 Ne4 11. Nxe4 dxe4 12. Nd2 f5 13. c5 Qc7 14. Bc4+ Kh7 15. f3 exf3 16. Nxf3 e5 17. Bg3 f4 18. Qc2 fxg3 19. Bf7 gxh2+ 20. Kh1 Rf8 21. Ng5+ hxg5 22. Qxg6+ Kh8 23. Qh5+ 1-0

[Event "*** Titled Tuesday 3|2 Blitz"]
[Site "Chess.com"]
[Date "2016.07.05"]
[Round "8"]
[White "FLchessplayer"]
[Black "Ksenia_Legenko"]
[Result "0-1"]
[WhiteElo "2035"]
[BlackElo "2066"]
[TimeControl "180+2"]
[EndTime "12:40:55 PDT"]
[Termination "Ksenia_Legenko won by resignation"]

1. d4 d5 2. Nf3 Nf6 3. g3 c5 4. Bg2 cxd4 5. Nxd4 e5 6. Nb3 Nc6 7. O-O Be7 8. Bg5 O-O 9. a3 Be6 10. Nc3 d4 11. Ne4 Nxe4 12. Bxe7 Qxe7 13. Bxe4 Rfd8 14. Qd3 h6 15. Rad1 Rac8 16. Rfe1 a6 17. Bf5 b5 18. Bxe6 Qxe6 19. f3 Ne7 20. e3 dxe3 21. Qxd8+ Rxd8 22. Rxd8+ Kh7 23. g4 Nd5 24. Re2 Nf4 25. Rxe3 Qb6 0-1

[Event "*** Titled Tuesday 3|2 Blitz"]
[Site "Chess.com"]
[Date "2016.07.05"]
[Round "8"]
[White "Semetey"]
[Black "Usurpov"]
[Result "0-1"]
[WhiteElo "2442"]
[BlackElo "2358"]
[TimeControl "180+2"]
[EndTime "12:41:06 PDT"]
[Termination "Usurpov won by checkmate"]

1. d4 Nf6 2. Nc3 d5 3. Bf4 Bf5 4. f3 e6 5. g4 Bg6 6. h4 h5 7. g5 Nfd7 8. e3 c6 9. Bd3 Bxd3 10. Qxd3 g6 11. Nge2 Be7 12. e4 Qa5 13. O-O-O O-O 14. Ng3 dxe4 15. fxe4 e5 16. Be3 exd4 17. Bxd4 Ne5 18.
Qe2 Ng4 19. Kb1 Nd7 20. Rhg1 Rfe8 21. Nf1 Bc5 22. Bxc5 Nxc5 23. Rxg4 hxg4 24. Qxg4 Rad8 25. Rc1 Qb4 26. Ng3 Qd4 27. h5 b5 28. hxg6 fxg6 29.
Rh1 b4 30. Nce2 Qg7 31. Nf4 Na4 32. c3 bxc3 33. b3 c2+ 34. Kxc2 Qb2# 0-1

[Event "*** Titled Tuesday 3|2 Blitz"]
[Site "Chess.com"]
[Date "2016.07.05"]
[Round "8"]
[White "VerdeNotte"]
[Black "oskariot"]
[Result "1-0"]
[WhiteElo "2630"]
[BlackElo "2279"]
[TimeControl "180+2"]
[EndTime "12:41:07 PDT"]
[Termination "VerdeNotte won on time"]

1. e4 c5 2. Nc3 e6 3. f4 Nc6 4.
Nf3 Nge7 5. d4 cxd4 6. Nxd4 Nxd4 7. Qxd4 Nc6 8. Qf2 d5 9. Be3 Bb4 10. exd5 exd5 11. a3 Bxc3+ 12. bxc3 O-O 13. Bd3 Qf6 14. O-O Bf5 15. Rac1 Rfe8 16. Rfe1 Be4 17. c4 dxc4 18. Bxc4 Rad8 19. Re2 Qg6 20. Bxa7 Bxg2 21. f5 Qg5 22. Be3 Rxe3 23. Qxe3 1-0

[Event "*** Titled Tuesday 3|2 Blitz"]
[Site "Chess.com"]
[Date "2016.07.05"]
[Round "8"]
[White "saraswathii"]
[Black "mortalbovine"]
[Result "1-0"]
[WhiteElo "2036"]
[BlackElo "1761"]
[TimeControl "180+2"]
[EndTime "12:41:09 PDT"]
[Termination "saraswathii won by checkmate"]

1. e4 d5 2. exd5 Qxd5 3. Nc3 Qa5 4. d4 c6 5. Nf3 Bg4 6. Be2 e6 7. Ne5 Bxe2 8. Qxe2 Bb4 9. Bd2 Nf6 10. O-O Qd8 11. Bg5 Qxd4 12. Rad1 Qb6 13. Bxf6 gxf6 14.
Ng4 Bxc3 15. bxc3 Ke7 16. Qf3 Nd7 17. Qd3 Rad8 18. Qd6+ Ke8 19. Rfe1 Rg8 20. Nh6 Rg6 21. Nxf7 Kxf7 22. Qxe6+ Kg7 23. Rxd7+ Rxd7 24. Qxd7+ Kh6 25. Qh3+ Kg7 26. Re7+ Kf8 27. Re1 Kg7 28. Qd7+ Kh6 29. g3 Qc5 30. Re7 Qb6 31. Qh3+ Kg5 32. Qh4+ Kf5 33. Qf4# 1-0

[Event "*** Titled Tuesday 3|2 Blitz"]
[Site "Chess.com"]
[Date "2016.07.05"]
[Round "8"]
[White "amaidel"]
[Black "popov_m"]
[Result "1-0"]
[WhiteElo "2434"]
[BlackElo "2193"]
[TimeControl "180+2"]
[EndTime "12:41:14 PDT"]
[Termination "amaidel won by resignation"]

1. e4 e6 2. d4 d5 3. Nc3 Bb4 4.
e5 Ne7 5. a3 Bxc3+ 6. bxc3 b6 7. Nf3 Ba6 8. Bxa6 Nxa6 9. O-O Qd7 10. Ng5 h6 11. Nh3 Qa4 12. Nf4 Qc4 13. a4 Qxc3 14.
Ra3 Qc4 15. Rg3 Nf5 16. Rd3 Nb4 17. Rd2 Nc6 18. Nh5 Rg8 19. c3 Na5 20. Qf3 Qxa4 21. g4 Ne7 22. Re2 Nc4 23. Bxh6 gxh6 24. Nf6+ Kf8 25. Nxg8 Nxg8 26. Qh3 Qd7 27. f4 Ke8 28. f5 Qe7 29. Ref2 Kd7 30. fxe6+ Qxe6 31. Rxf7+ Kc6 32. R7f6 Nxf6 33. Rxf6 Qxf6 34. exf6 a5 35. f7 Nd6 36.
Qxh6 a4 37. f8=Q Rxf8 38. Qxf8 a3 1-0

[Event "*** Titled Tuesday 3|2 Blitz"]
[Site "Chess.com"]
[Date "2016.07.05"]
[Round "8"]
[White "SavelijTartakover"]
[Black "simplerXiao"]
[Result "1-0"]
[WhiteElo "2510"]
[BlackElo "2335"]
[TimeControl "180+2"]
[EndTime "12:41:54 PDT"]
[Termination "SavelijTartakover won by resignation"]

1. d4 Nf6 2. c4 e5 3. dxe5 Ng4 4. Bf4 Nc6 5. Nf3 Bb4+ 6. Nc3 Qe7 7. Qd5 Bxc3+ 8. bxc3 f6 9. exf6 Nxf6 10. Qd3 O-O 11.
g3 d6 12. Bg2 Ne4 13. O-O Nc5 14. Qd2 Be6 15. Nd4 Ne5 16. Bxe5 dxe5 17. Nxe6 Nxe6 18. Bxb7 Rad8 19. Bd5 Kh8 20. Qe3 Ng5 21. h4 Nh3+ 22. Kg2 Nf4+ 23. gxf4 Rxf4 24. Rh1 Qf6 25. Qg3 c6 26.
Bf3 e4 27. Bg4 Rf8 28. Raf1 Qe5 29. e3 Qxc3 30. exf4 Qxc4 31. h5 Rd8 32. h6 Rd3 33. hxg7+ Kg8 34. Qh4 h5 35. Qxh5 Kxg7 36. Qg5+ Kf7 37.
Rh7+ 1-0

[Event "*** Titled Tuesday 3|2 Blitz"]
[Site "Chess.com"]
[Date "2016.07.05"]
[Round "8"]
[White "Smirnov_Pavel"]
[Black "ChessNinja48"]
[Result "1-0"]
[WhiteElo "2551"]
[BlackElo "2329"]
[TimeControl "180+2"]
[EndTime "12:42:10 PDT"]
[Termination "Smirnov_Pavel won by resignation"]

1. d4 Nf6 2. c4 c6 3. Nf3 d5 4. e3 g6 5. Nc3 Bg7 6. Be2 O-O 7. O-O b6 8. a4 Nbd7 9. cxd5 Nxd5 10. Nxd5 cxd5 11.
a5 bxa5 12. Qa4 Nb6 13. Qxa5 Bf5 14. Bd2 Nc4 15. Qxd8 Rfxd8 16. Bc3 Rdb8 17. Bxc4 dxc4 18. Nd2 Bd3 19. Rfc1 e6 20. Ra4 Rc8 21. f4 f6 22.
Kf2 Rc7 23. g3 Rac8 24. e4 e5 25. d5 exf4 26. gxf4 Re8 27. Kf3 Rd7 28. Re1 f5 29. e5 Rxd5 30. Nxc4 Be4+ 31. Kg3 Rd3+ 32. Re3 Red8 33.
Rxa7 Bf8 34. Rc7 Rxe3+ 35. Nxe3 Rd3 36. Kf2 Bh6 37. e6 Bxf4 38. Rc8+ 1-0

[Event "*** Titled Tuesday 3|2 Blitz"]
[Site "Chess.com"]
[Date "2016.07.05"]
[Round "8"]
[White "tigra"]
[Black "stefanodinn"]
[Result "1-0"]
[WhiteElo "2460"]
[BlackElo "2239"]
[TimeControl "180+2"]
[EndTime "12:42:11 PDT"]
[Termination "tigra won on time"]

1. e4 c5 2. Nf3 d6 3. d4 cxd4 4.
Nxd4 Nf6 5. Nc3 a6 6. Bg5 Nbd7 7. Bc4 e6 8. Qe2 h6 9. Bh4 Ne5 10. Bb3 g5 11. Bg3 Bg7 12. O-O-O Qe7 13. h4 Bd7 14. hxg5 hxg5 15. f3 O-O-O 16. Bf2 Rxh1 17. Rxh1 Rh8 18. Rd1 Nh5 19. Qe3 Bh6 20. Nde2 g4 21. f4 g3 22. Bg1 Ng4 23. Qa7 Nxf4 24. Nxf4 Bxf4+ 25. Kb1 Be5 26. Bb6 Bc6 27. Nd5 exd5 28. exd5 Nf2 29. dxc6 1-0

[Event "*** Titled Tuesday 3|2 Blitz"]
[Site "Chess.com"]
[Date "2016.07.05"]
[Round "8"]
[White "LaStreetCmaMaison"]
[Black "dretch"]
[Result "1-0"]
[WhiteElo "2452"]
[BlackElo "2621"]
[TimeControl "180+2"]
[EndTime "12:42:12 PDT"]
[Termination "LaStreetCmaMaison won by resignation"]

1. Nf3 d5 2. g3 Bf5 3. Bg2 e6 4. O-O Nd7 5. d3 Ngf6 6. Nbd2 Be7 7. Re1 O-O 8. e4 Bg6 9. e5 Ne8 10. Nf1 c5 11. h4 b5 12. N1h2 Rc8 13. g4 h6 14. Bf4 f5 15. exf6 Bxf6 16. c3 Bxh4 17. Nxh4 Qxh4 18. Bg3 Qf6 19. Qe2 Bf7 20. Nf3 c4 21. d4 Nc7 22. a4 b4 23. cxb4 a6 24. Bd6 Rfe8 25. Qd2 Qg6 26. g5 Kh7 27. Ra3 Rg8 28. Be7 Rge8 29. Nh4 Qh5 30. Bf3 Qxf3 31. Rxf3 Rxe7 32. Rxf7 Rxf7 33. g6+ 1-0

[Event "*** Titled Tuesday 3|2 Blitz"]
[Site "Chess.com"]
[Date "2016.07.05"]
[Round "8"]
[White "Blitzstream"]
[Black "Andrejkin"]
[Result "0-1"]
[WhiteElo "2459"]
[BlackElo "2159"]
[TimeControl "180+2"]
[EndTime "12:42:31 PDT"]
[Termination "Andrejkin won by checkmate"]

1. e4 e5 2. Nf3 Nc6 3. d4 exd4 4.
Nxd4 Bc5 5. Nb3 Bb6 6. Nc3 Nf6 7. Bg5 d6 8. Qe2 h6 9. Bh4 g5 10. Bg3 Qe7 11. O-O-O Be6 12. f3 a6 13. Kb1 O-O-O 14.
Qd2 Kb8 15. Bd3 d5 16. exd5 Nxd5 17. Nxd5 Bxd5 18. Rhe1 Qf6 19. Qc1 Rhe8 20. c4 Rxe1 21. Bxe1 Be6 22. Bc3 Qe7 23. Bf1 Rxd1 24. Qxd1 Nb4 25. a3 Bf5+ 26. Ka1 Nc2+ 27. Ka2 Ne3 28. Qe1 Bc5 29. Nxc5 Qxc5 30. Bb4 Qb6 31. Be2 a5 32. Bxa5 Nxg2 33. Qc3 Qc6 34. Qe5 Be6 35. Bd3 Nf4 36. Bf1 h5 37. Kb3 Qxf3+ 38. Ka4 Qc6+ 39. Qb5 Qd6 40. c5 Qd1+ 41. Kb4 Qb3# 0-1

[Event "*** Titled Tuesday 3|2 Blitz"]
[Site "Chess.com"]
[Date "2016.07.05"]
[Round "8"]
[White "Tonychess32"]
[Black "Keaton87"]
[Result "1-0"]
[WhiteElo "2435"]
[BlackElo "2487"]
[TimeControl "180+2"]
[EndTime "12:42:43 PDT"]
[Termination "Tonychess32 won by checkmate"]

1. e4 c5 2. Nf3 d6 3. c3 Nf6 4.
Be2 g6 5. O-O Bg7 6. Re1 O-O 7.
d3 Nc6 8. h3 b5 9. Na3 Rb8 10. Bf4 e5 11. Bg5 h6 12. Bxf6 Qxf6 13.
Nc2 Be6 14. Ne3 Ne7 15. Rf1 h5 16. Nd2 Bh6 17. Bf3 Bf4 18. a4 bxa4 19. Rxa4 Rxb2 20.
Ndc4 Rb7 21. Qa1 Nc8 22. Nd5 Bxd5 23. exd5 Qe7 24. Na5 Rc7 25. Nc6 Qg5 26. Nxa7 f5 27. Nxc8 Rfxc8 28. Ra8 c4 29. Rxc8+ Rxc8 30. Qa6 Qd8 31.
dxc4 e4 32. Be2 Be5 33. Qa3 Qg5 34. Qa6 Rc7 35. Qb6 Rc5 36. Qb8+ Kg7 37. Rb1 Qd2 38.
Rb7+ Kh6 39. Qf8+ Kg5 40. Qe7+ Bf6 41. h4+ Kf4 42. g3# 1-0

[Event "*** Titled Tuesday 3|2 Blitz"]
[Site "Chess.com"]
[Date "2016.07.05"]
[Round "8"]
[White "Wolverine_master"]
[Black "PowerThinking2650"]
[Result "1-0"]
[WhiteElo "2036"]
[BlackElo "2151"]
[TimeControl "180+2"]
[EndTime "12:42:50 PDT"]
[Termination "Wolverine_master won by resignation"]

1. e4 e5 2. Nf3 Nc6 3. d4 exd4 4. Bc4 Nf6 5. e5 d5 6. Bb5 Ne4 7. Nxd4 Bd7 8. Bxc6 bxc6 9. O-O Bc5 10. f3 Ng5 11. f4 Ne4 12. Be3 Bb6 13. Nd2 c5 14. N4b3 c4 15.
Nd4 c5 16. Nxe4 cxd4 17. Nd6+ Ke7 18. Bxd4 Bxd4+ 19. Qxd4 Qb6 20. Rad1 Bc6 21. b3 cxb3 22. axb3 g6 23. f5 Qxd4+ 24. Rxd4 f6 25. fxg6 fxe5 26.
g7 Ke6 27. Nf7 Rhg8 28. Rg4 Bb5 29. Rf2 a5 30. Nh6 d4 31. Nxg8 Rxg8 32. Rf8 1-0

[Event "*** Titled Tuesday 3|2 Blitz"]
[Site "Chess.com"]
[Date "2016.07.05"]
[Round "8"]
[White "daro94"]
[Black "Frolyanov_D"]
[Result "1-0"]
[WhiteElo "2638"]
[BlackElo "2464"]
[TimeControl "180+2"]
[EndTime "12:42:51 PDT"]
[Termination "daro94 won on time"]

1. e4 e5 2. Nf3 Nf6 3. Nxe5 d6 4. Nf3 Nxe4 5. d4 d5 6. Bd3 Bd6 7. O-O O-O 8. Nbd2 Bf5 9. Re1 Re8 10. Ne5 Nd7 11.
Nxe4 dxe4 12. Bxe4 Bxe4 13. Rxe4 f6 14. f4 Nf8 15.
Qd3 fxe5 16. fxe5 Be7 17. Be3 c6 18. c4 Bg5 19. d5 Bxe3+ 20. Rxe3 cxd5 21. cxd5 Ng6 22.
Rae1 Qb6 23. Kh1 Rac8 24. d6 Nxe5 25. Qd5+ Kh8 26. d7 Qxe3 27. dxe8=Q+ 1-0

[Event "*** Titled Tuesday 3|2 Blitz"]
[Site "Chess.com"]
[Date "2016.07.05"]
[Round "8"]
[White "Mornar1951"]
[Black "WanderingPuppet"]
[Result "1-0"]
[WhiteElo "2487"]
[BlackElo "2283"]
[TimeControl "180+2"]
[EndTime "12:42:55 PDT"]
[Termination "Mornar1951 won by resignation"]

1. e4 c5 2. Nf3 d6 3. Bb5+ Nd7 4.
O-O Nf6 5. Re1 a6 6. Bd3 b6 7. c4 Bb7 8. Nc3 g6 9. Bf1 Bg7 10. d4 cxd4 11. Nxd4 O-O 12. f3 Rc8 13. Be3 Ne5 14. Qb3 Nfd7 15. Rac1 Nc5 16. Qd1 Ne6 17. b3 Nxd4 18. Bxd4 f5 19. f4 Ng4 20. Bxg7 Kxg7 21. Qd4+ Kg8 22. exf5 Rxf5 23. h3 Nf6 24. Bd3 e5 25. fxe5 Rxe5 26. Rcd1 Qe7 27. Qf2 Rf8 28. Rf1 Rg5 29. Rde1 Qg7 30. Ne4 Nxe4 31. Qxf8+ Qxf8 32. Rxf8+ Kxf8 33. Bxe4 Bxe4 34. Rxe4 d5 35. Rd4 dxc4 36. Rxc4 Rc5 37. Rxc5 bxc5 38. Kf2 Ke7 39. Ke3 Kd6 40.
Ke4 Ke6 41. h4 h6 42. g4 h5 43. gxh5 gxh5 44. Kf4 Kf6 45. a3 a5 46. a4 Kg6 47.
Ke5 Kf7 48. Kf5 Ke7 49. Kg5 Kd6 50. Kxh5 Kd5 51. Kg4 Kd4 52. h5 Kc3 53. h6 Kxb3 54. h7 c4 55. h8=Q c3 56. Kf3 c2 57. Qa1 c1=Q 58. Qxc1 Kxa4 59. Ke4 Kb3 60. Kd3 a4 61. Qb1+ Ka3 62. Qb5 1-0

[Event "*** Titled Tuesday 3|2 Blitz"]
[Site "Chess.com"]
[Date "2016.07.05"]
[Round "8"]
[White "Gajuchess"]
[Black "Zhani-Z"]
[Result "0-1"]
[WhiteElo "2514"]
[BlackElo "2282"]
[TimeControl "180+2"]
[EndTime "12:43:00 PDT"]
[Termination "Zhani-Z won by resignation"]

1. e4 e5 2. f4 exf4 3. Nf3 g5 4.
Nc3 Bg7 5. Bc4 d6 6. d4 Nc6 7.
O-O h6 8. g3 g4 9. Bxf4 gxf3 10. Bxf7+ Kxf7 11. Qxf3 Nf6 12. Nd5 Kg8 13. Qb3 Nxd5 14.
Qxd5+ Kh7 15. Rad1 Qe7 16. e5 dxe5 17. Qe4+ Kg8 18.
dxe5 Be6 19. c4 Qc5+ 20. Rf2 Qxc4 21. Qg6 Bf7 22. Qg4 Qe6 23. Qh4 Kh7 24. Bg5 Qxe5 25. Bxh6 Kg8 26. Bxg7 Qxg7 27. Qf4 Ne5 28. Rdf1 Re8 29.
h4 Bd5 30. Rd1 c6 31. Kf1 Rh6 32. Re1 Rhe6 33. h5 Ng4 34. h6 Qg6 35. h7+ Kxh7 36.
Rxe6 Qxe6 37. Qd2 Nxf2 38. b4 Ne4 39. Qh6+ Qxh6 0-1

[Event "*** Titled Tuesday 3|2 Blitz"]
[Site "Chess.com"]
[Date "2016.07.05"]
[Round "8"]
[White "Ginger_GM"]
[Black "macko06"]
[Result "0-1"]
[WhiteElo "2479"]
[BlackElo "2253"]
[TimeControl "180+2"]
[EndTime "12:43:09 PDT"]
[Termination "macko06 won by resignation"]

1. h4 d5 2. h5 h6 3. c4 e6 4. d4 Nf6 5. Nf3 Be7 6. Nc3 Nbd7 7. Bf4 c6 8. e3 b6 9. Qc2 Bb7 10. O-O-O Qc8 11. Kb1 dxc4 12. Bxc4 c5 13. d5 exd5 14. Nxd5 Nxd5 15. Bxd5 Bxd5 16. Rxd5 Nf6 17. Re5 Ng4 18. Re4 Nf6 19. Rd1 Nxe4 20. Qxe4 Kf8 21. Ne5 Qe8 22. Nc6 Bf6 23. Qd5 Qe6 24. Bd6+ Kg8 25. e4 Qxd5 26. Rxd5 Kh7 27. e5 Bg5 28. b4 cxb4 29. g3 Rhe8 30. f4 Bd8 31. Nxb4 Be7 32. Nc6 Bf8 33. g4 Rac8 34.
Nxa7 Rc4 35. f5 Rxg4 36. Nc6 Rc4 37. Nd4 Bxd6 38. exd6 Rd8 39. Ne6 fxe6 40. fxe6 Re4 41.
e7 Rd7 42. Kc2 Re6 43. Kc3 Kg8 44. Kc4 Kf7 45. Rf5+ Rf6 46. Rxf6+ gxf6 47. Kd5 f5 48. Ke5 f4 0-1

[Event "*** Titled Tuesday 3|2 Blitz"]
[Site "Chess.com"]
[Date "2016.07.05"]
[Round "8"]
[White "akinov-akinseye"]
[Black "CraiggoryC"]
[Result "1-0"]
[WhiteElo "1867"]
[BlackElo "2081"]
[TimeControl "180+2"]
[EndTime "12:43:12 PDT"]
[Termination "akinov-akinseye won on time"]

1. a4 e5 2. a5 a6 3. e3 d5 4. d4 Nc6 5. Nf3 e4 6. Ne5 Nxe5 7. dxe5 Ne7 8. c4 c6 9. Nc3 Be6 10. Be2 Ng6 11. cxd5 cxd5 12. Qa4+ Qd7 13. Qxd7+ Kxd7 14. O-O Bb4 15. Rd1 Bxc3 16. bxc3 Rhd8 17. c4 Ke8 18.
cxd5 Rxd5 19. Rxd5 Bxd5 20. Bb2 Ke7 21. Rc1 Bc6 22. g3 Ke6 23. Bg4+ Ke7 24. Ba3+ Ke8 25. Bd6 Rd8 26. h4 f6 27. Bc7 Rd2 28. exf6 gxf6 29.
Bf5 Kf7 30. Rc4 Ne5 31. Bxe5 fxe5 32. Bxh7 Ra2 33. Rc5 Kg7 34. Bf5 Kf6 35. g4 Ra1+ 36. Kg2 Ra2 37. h5 Ra3 38. h6 Rb3 39. h7 Kg7 40. Rxe5 Rb5 41. Re7+ Kf6 42. Rc7 1-0